Dess, chaotic female elven Ranger ....-- -[.... --..d.| -h@.- |.).. ---.- --- Dess the Lookout Experience level: 5 Strength: 14 Dexterity: 12 Constitution: 15 Intelligence: 13 Wisdom: 13 Charisma: 8 Health: 0(38) Energy: 27(27) AC: 1 Gold: 748 Moves: 2126 Your Inventory: Coins $ - 748 gold pieces Weapons a - an uncursed +1 elven dagger (weapon in hand) b - an uncursed +1 elven bow (alternate weapon; not wielded) c - 53 uncursed +2 elven arrows (in quiver) d - 37 uncursed +0 elven arrows i - an [uncursed +0] crude dagger [orcish] m - 2 [uncursed +0] arrows F - 3 [uncursed +0] daggers Armor e - an uncursed +2 elven cloak (being worn) g - a [blessed] +0 elven leather helm (being worn) q - an [uncursed] +0 pair of fencing gloves [leather] (being worn) C - an [uncursed] +0 pair of hard shoes [iron] (being worn) Comestibles f - 6 uncursed lembas wafers E - a [cursed] Hot Futa Mare Dick Scrolls k - a [blessed] scroll labeled DAIYEN FOOELS [of confuse monster] o - an [uncursed] scroll labeled PHOL ENDE WODAN [of create monster] r - an [uncursed] scroll labeled PRIRUTSENIE [of identify] u - an [uncursed] scroll labeled VAS CORP BET MANI [of enchant armor] x - a [blessed] scroll labeled READ ME [of enchant weapon] y - an [uncursed] scroll labeled READ ME [of enchant weapon] Spellbooks z - an [uncursed] spellbook of force bolt Potions w - 2 [cursed] squishy potions [of fruit juice] A - an [uncursed] silver potion [of monster detection] G - a [cursed] orange potion [of gain ability] Rings H - an [uncursed +1] opal ring [of gain constitution] Wands p - an [uncursed] ceramic wand [of fire (0:8)] t - an [uncursed] short wand [of light (0:12)] B - an [uncursed] wand of sleep [0:7] Tools j - an [uncursed] bag named Normal [sack] I - a [cursed] blindfold J - a [cursed] looking glass [mirror] K - an [uncursed] magic marker [0:45] Contents of the sack named Normal: an [uncursed] pink potion [of levitation] Spells known in the end: Name Level Category Fail Memory a - force bolt 1 attack 57% [||||||||] Your skills at the end: Fighting Skills Weapon Skills dagger [Basic / Expert] bow [Basic / Expert] Spellcasting Skills Final Attributes: You were piously aligned. Hunger level was 437. Your alignment was 20 / 20. Monster difficulty range was 0 - 5. Level difficulty was 5. You were immune to sleep. You saw invisible. You had automatic searching. You had infravision. You were stealthy. Your luck was zero. You are dead. Vanquished creatures: a leprechaun an imp 2 gnome lords a kobold mummy 2 dwarves a rabid rat an iguana a gas spore 2 manes a hobgoblin a brown mold a green mold 6 gnomes 2 garter snakes 4 jackals a fox a kobold a goblin 3 grid bugs 3 lichens a kobold zombie 7 newts 44 creatures vanquished. Voluntary challenges: You were an atheist. You used a wielded weapon 31 times. You read items or engraved 1 time. You put on armor 13 times. You never genocided any monsters. You never polymorphed an object. You never changed form. You used no wishes. You never wrote Elbereth's name. You encountered 1 bones level. You never used any Sokoban shortcuts. Dungeon overview: The Dungeons of Doom: levels 1 to 3 Level 1 an altar to Mars, some fountains a long staircase Level 2 a fountain Level 3 some fountains stairs to The Gnomish Mines The Gnomish Mines: levels 4 to 5 Level 4 stairs to The Dungeons of Doom Level 5 <- You were here History has recorded: On T:1 you entered the Dungeons of Doom to retrieve the Amulet of Yendor! On T:618 you reached level 2 of The Dungeons of Doom. On T:753 you advanced to experience level 2. On T:970 you reached level 3 of The Dungeons of Doom. On T:1261 you advanced to experience level 3. On T:1304 you reached level 1 of The Gnomish Mines. On T:1319 you advanced to experience level 4. On T:1770 you advanced to experience level 5. On T:2080 you reached level 2 of The Gnomish Mines. Latest messages: You hit the gnome lord. The gnome lord hits! [HP-7=21] You hit the gnome lord. The gnome lord hits! [HP-5=16] You hit the gnome lord! You hit the gnome lord. The gnome lord hits! [HP-3=13] You kill the gnome lord! The dwarf wields a broad short sword! [HP+1=14] [HP+1=15] You hear some noises. [HP+1=16] You miss the dwarf. (2x) The dwarf thrusts his broad short sword. The dwarf hits! [HP-7=9] You miss the dwarf. (2x) The dwarf thrusts his broad short sword. The dwarf hits! You die... Final status: Goodbye Dess the Ranger... You died in The Gnomish Mines on dungeon level 5 with 1754 points, and 748 pieces of gold, after 2126 moves. You were level 5 with a maximum of 38 hit points when you died.